 Dungeon Crawl Stone Soup version 0.21.1-1-g345015fe64 (webtiles) character file.

226 Emanloe the Skirmisher (level 5, -4/72 HPs)
             Began as a Minotaur Chaos Knight on May 5, 2018.
             Killed from afar by an orc wizard (5 damage)
             ... with a puff of frost
             ... on level 4 of the Dungeon.
             The game lasted 00:04:09 (2480 turns).

Emanloe the Skirmisher (Minotaur Chaos Knight)      Turns: 2480, Time: 00:04:09

Health: -4/72      AC:  4    Str: 21    XL:     5   Next: 69%
Magic:  4/4        EV: 11    Int:  9    God:    Xom [......]
Gold:   118        SH:  0    Dex:  9    Spells: 4/4 levels left

rFire    . . .     SeeInvis .   a - +0 spear (chaos)
rCold    . . .     Gourm    .   (no shield)
rNeg     . . .     Faith    .   b - +2 leather armour
rPois    .         Spirit   .   (helmet restricted)
rElec    .         Reflect  .   (no cloak)
rCorr    .         Harm     .   (no gloves)
MR       .....                  (no boots)
Stlth    ..........             (no amulet)
HPRegen  0.22/turn              f - ring of wizardry
MPRegen  0.09/turn              (no ring)

@: berserking, very quick
A: retaliatory headbutt, horns 2, blurry vision 1, deformed body, weak 1
a: Renounce Religion


You were on level 4 of the Dungeon.
You worshipped Xom.
You were a very special plaything of Xom.
You were very hungry.

You visited 1 branch of the dungeon, and saw 4 of its levels.

You collected 118 gold pieces.

Inventory:

Hand Weapons
 a - a +0 spear of chaos (weapon)
Armour
 b - a +2 leather armour (worn)
Jewellery
 f - a ring of wizardry (left hand)
Wands
 p - a wand of random effects (8)
Scrolls
 h - a scroll of enchant armour {unknown}
 i - 2 scrolls of identify {unknown}
 j - a scroll of teleportation {unknown}
 k - 3 scrolls of amnesia {unknown}
 r - a scroll of immolation {unknown}
Potions
 e - a potion of curing {unknown}
 g - a potion of experience {unknown}
 l - a potion of haste {unknown}
 m - a potion of might {unknown}
 n - a potion of magic {unknown}
 o - a potion of lignification {unknown}
Comestibles
 c - 6 rations


   Skills:
 + Level 5.4 Fighting
 + Level 5.3 Polearms
 + Level 4.5 Armour
 - Level 1.1 Dodging


You had 4 spell levels left.
You didn't know any spells.

Dungeon Overview and Level Annotations

Branches:
Dungeon (4/15)
 Temple: D:4-7

Altars:
Ashenzari
Trog
Xom


Innate Abilities, Weirdness & Mutations

You reflexively headbutt those who attack you in melee.
You have a pair of horns on your head.
Scrolls take you a little longer to read.
Armour fits poorly on your strangely shaped body.
You are weak. (Str -2)


Message History

You headbutt the frilled lizard!
You kill the frilled lizard!
The orc wizard completely misses you. You furiously retaliate!
You headbutt the orc wizard. The orc wizard hits you with a dagger.
* * * LOW HITPOINT WARNING * * *
You puncture the orc wizard! You burn the orc wizard.
You kill the orc wizard!
You hit the orc wizard.
Lightning courses through the orc wizard!
The orc wizard is heavily wounded.
The orc wizard hits you but does no damage.
The orc priest invokes the aid of Beogh against you.
Beogh smites you!
* * * LOW HITPOINT WARNING * * *
You miss the orc wizard.
The orc wizard is heavily wounded.
The orc wizard casts a spell at you. The puff of frost hits you!
You die...
Xom roars with laughter!

#..## .# #<..##
..# ##..<## ...#
##...# #...#
##...#
#...###..>.##
#..........##
##..........#
#...@†.......
......)o.........
.......o.........
.................
................
................
................
###......%.....


You could see an orc priest and an orc wizard.

Vanquished Creatures
  Ijyb (D:3)
  An orc wizard (D:4)
  12 adders
  2 dart slugs
  A leopard gecko (D:1)
  An orc (D:3)
  3 ball pythons
  A giant cockroach (D:3)
  7 goblins
  13 hobgoblins
  A jackal (D:3)
  A quokka (D:2)
  5 bats
  4 frilled lizards
  7 kobolds
  6 rats
66 creatures vanquished.

Notes
Turn   | Place    | Note
-------+----------+-------------------------------------------
     0 | D:1      | Emanloe the Minotaur Chaos Knight began the quest for the Orb.
     0 | D:1      | Reached XP level 1. HP: 19/19 MP: 0/0
   299 | D:1      | XOM: harmless Tloc miscast
   389 | D:1      | Reached XP level 2. HP: 27/27 MP: 1/1
   491 | D:1      | XOM: divination: magic mapping
   595 | D:1      | XOM: give mutations
   595 | D:1      | Gained mutation: Armour fits poorly on your strangely shaped body. [Xom's mischief]
   595 | D:1      | Gained mutation: You are dopey. (Int -2) [Xom's mischief]
   713 | D:2      | Reached XP level 3. HP: 23/33 MP: 2/2
  1114 | D:2      | XOM: harmless Summ miscast
  1132 | D:2      | XOM: medium Hex miscast
  1181 | D:2      | Reached XP level 4. HP: 41/41 MP: 3/3
  1265 | D:2      | Found a shattered altar of Ashenzari.
  1269 | D:2      | Found a shimmering altar of Xom.
  1389 | D:2      | Found a bloodstained altar of Trog.
  1513 | D:3      | Noticed Ijyb
  1522 | D:3      | Killed Ijyb
  1522 | D:3      | Reached skill level 5 in Fighting
  1522 | D:3      | Reached XP level 5. HP: 42/48 MP: 4/4
  1558 | D:3      | XOM: stat loss: -1 Dex (8/9)
  1559 | D:3      | Reached skill level 5 in Polearms
  1754 | D:3      | XOM is BORED!
  1754 | D:3      | XOM: give mutations
  1754 | D:3      | Gained mutation: You are agile. (Dex +2) [Xom's mischief]
  1754 | D:3      | Gained mutation: Scrolls take you a little longer to read. [Xom's mischief]
  1754 | D:3      | Gained mutation: You are weak. (Str -2) [Xom's mischief]
  1754 | D:3      | Lost mutation: You are agile. (Dex +2) [Xom's mischief]
  2002 | D:3      | XOM: mild Necr miscast
  2157 | D:3      | XOM: harmless Ice miscast
  2205 | D:3      | XOM: torment (25/48 hp)
  2451 | D:3      | XOM: give mutations
  2451 | D:3      | Gained mutation: You are clumsy. (Dex -2) [Xom's mischief]
  2451 | D:3      | Lost mutation: You are dopey. (Int -2) [Xom's mischief]
  2451 | D:3      | Lost mutation: You are clumsy. (Dex -2) [Xom's mischief]
  2479 | D:4      | HP: 1/72 [orc priest/divine providence (12)]
  2480 | D:4      | Killed from afar by an orc wizard

Skill      XL: |  1  2  3  4  5 |
---------------+----------------+-----
Fighting       | 4 5 |  5.4
Polearms       | 4 5 |  5.3
Armour         | 3 4 |  4.5
Dodging        | |  1.1

Action                   |  1- 3 |  4- 6 || total
-------------------------+-------+-------++-------
Melee: Spear             |   103 |   106 ||   209
       Headbutt          |    16 |     5 ||    21
  Use: Scroll            |     2 |       ||     2
       Potion            |       |     1 ||     1
  Eat: Chunk             |     1 |     3 ||     4
Armor: Leather armour    |    17 |    19 ||    36
Dodge: Dodged            |    27 |    36 ||    63
